 Dungeon Crawl Stone Soup version 0.18.1-6-gd335043 (webtiles) character file.

28 oplop the Vexing (level 2, -2/11 HPs)
             Began as a Felid Enchanter on May 17, 2016.
             Slain by a worm (11 damage)
             ... on level 3 of the Dungeon.
             The game lasted 00:03:34 (1253 turns).

oplop the Vexing (Felid Enchanter)                  Turns: 1253, Time: 00:03:35

Health: -2/11      AC:  1    Str:  4    XL:     2   Next: 96%
Magic:  6/6        EV: 18    Int: 16    God:
Gold:   12         SH:  0    Dex: 16    Spells: 2 memorised, 2 levels left
                                        Lives:  0   Deaths: 0

rFire  . . .     SeeInvis +       - Unarmed
rCold  . . .     Gourm    .     (armour unavailable)
rNeg   . . .     Faith    .     (shield unavailable)
rPois  .         Spirit   .     (helmet unavailable)
rElec  .         Dismiss  .     (cloak unavailable)
rCorr  .         Reflect  .     (gloves unavailable)
SustAt .         Harm     .     (boots unavailable)
MR     .....                    (no amulet)
Stlth  +++.......               (no ring)
                                (no ring)

@: quick, not resistant to hostile enchantments, fairly stealthy
A: no armour, no weapons or thrown items, claws 1, fangs 3, see invisible,
carnivore 3, speed 1, shaggy fur 1, slow metabolism 1, sharp paws
a: no special abilities


You were on level 3 of the Dungeon.
You were not hungry.

You visited 1 branch of the dungeon, and saw 4 of its levels.

You collected 12 gold pieces.

Inventory:

Wands
 g - a wand of teleportation (4/9)
 h - a wand of lightning (9/15)
Scrolls
 d - a scroll of amnesia {unknown}
 f - 2 scrolls of remove curse {unknown}
Potions
 c - 3 potions of curing {unknown}
 e - a potion of magic {unknown}
Books
 a - a book of Maledictions

   Spells                             Type                      Level
   a - Corona                         Hexes                        1
   b - Ensorcelled Hibernation        Hexes/Ice                    2
   c - Confuse                        Hexes                        3
   d - Tukima's Dance                 Hexes                        3
   e - Dazzling Spray                 Conjuration/Hexes            3
Comestibles
 b - a meat ration
 i - a slice of pizza


   Skills:
 + Level 3.2 Dodging
 + Level 4.4 Stealth
 + Level 1.3 Unarmed Combat
 * Level 2.3 Spellcasting
 * Level 4.8 Hexes


You had 2 spell levels left.
You knew the following spells:

 Your Spells              Type           Power        Failure   Level  Hunger
a - Corona                Hex            ###....      3%          1    #......
b - Ensorcelled Hibernat  Hex/Ice        #.....       14%         2    ###....


Dungeon Overview and Level Annotations

Branches:
Dungeon (4/15)
 Temple: D:4-7

Altars:
Nemelex Xobeh
Pakellas
Sif Muna

Annotations:
D:3 Grinder


Innate Abilities, Weirdness & Mutations

You cannot wear armour.
You are incapable of wielding weapons or throwing items.
You have sharp claws.
You have razor-sharp teeth.
You have supernaturally acute eyesight.
You are carnivorous and can eat meat at any time.
You cover ground quickly.
You are covered in fur (AC +1).
You have a slow metabolism.
Your sharp claws are effective at attacking unaware monsters.


Message History

a dagger; a goblin skeleton HP restored.
Found a stone staircase leading down.
A worm comes into view.
Found a spear.
A worm is nearby!
A worm is nearby!
Found a stone staircase leading down.
Found 2 fruits.
You pounce on the unaware helpless worm!
You claw the worm! You bite the worm.
The worm is almost dead.
The worm bites you.
You scratch the worm.
The worm is almost dead.
You scratch the worm but do no damage.
The worm is almost dead.
The worm bites you!
Ouch! That really hurt!
You die...

#.<). ##...## #....
##%....## #....
#.......# ####....
.......# #.......
..>....# #.#####.
#.....# #.# #.
##)w..># #.# #.
#.@....#####'#####.
#.....##⌠##≈.≈##⌠##
#....##...##.##...#
##...#_.#..'.'..#._
##...##...##≈##...#
####..#####⌠#######⌠##
#....## ###.##..###.
##.#### ###....## #.
#..# #####.......###.


You could see a worm.

Vanquished Creatures
  2 oozes
  A dart slug (D:3)
  6 bats
  A giant cockroach (D:3)
  2 goblins (D:3)
  3 kobolds
  A ball python (D:2)
  2 rats
18 creatures vanquished.

Notes
Turn   | Place    | Note
--------------------------------------------------------------
     0 | D:1      | oplop the Felid Enchanter began the quest for the Orb.
     0 | D:1      | Reached XP level 1. HP: 7/7 MP: 4/4
   528 | D:2      | Reached XP level 2. HP: 10/11 MP: 1/6
   623 | D:3      | Learned a level 2 spell: Ensorcelled Hibernation
   686 | D:3      | Noticed Grinder
   728 | D:3      | Found a sparkling altar of Nemelex Xobeh.
   894 | D:3      | Found an oddly glowing altar of Pakellas.
   903 | D:3      | Found a deep blue altar of Sif Muna.
   962 | D:4      | Noticed a phantom
  1253 | D:3      | Slain by a worm

Skill      XL: |  1 |
---------------+----+-----
Dodging        | 3 |  3.2
Stealth        | |  4.4
Unarmed Combat | |  1.3
Spellcasting   | |  2.3
Hexes          | |  4.8

Action                   || total
-------------------------++-------
Melee: Unarmed           ||    50
       Bite              ||     1
 Cast: Corona            ||     6
       Ensorcelled Hiber ||     2
 Stab: Sleeping          ||    10
  Eat: Chunk             ||     3
Armor: Skin              ||     2
Dodge: Dodged            ||    30
